cohdb
Replays
Latest Replays
All Replays
Popular Replays
Top Player Replays
Match Explorer
How It Works
Community
CoH3 Stats
Reddit
Sign in to upload your games and track your stats! →
Sign in with Steam
Match 45393220
Unlisted
Match 45393220
Overview
Messages
Build Orders
End
Panzergrenadier Squad
Selects Armored Support Battlegroup
Panzergrenadier Squad
Panzergrenadier Squad
Construct Light Support Kompanie
Fire Support Elements
le.IG 18 Support Gun Team
2.5-tonne Medical Truck
Selects Salvage Kits
Selects Veteran Gunners
Flakvierling Half-track
Pak 38 Mechanized Group
Selects Salvage Kits
Veteran Squad Leaders
Construct Panzerarmee Kommand
Selects Panzer Storm
Armored Reserves
Selects Stuka Anti-tank Loiter
Tiger Heavy Tank
Ermac
Moikster
pagep
7k this year for sure
0
0
Comments
sign in to comment!
No comments posted yet!